 Dungeon Crawl Stone Soup version 0.23.2-33-g5129a83184 (webtiles) character file.

Game seed: 12558224120329276435

95 Feetnoise the Skirmisher (level 4, -2/40 HPs)
             Began as a Hill Orc Fighter on July 8, 2019.
             Slain by psyvane's ghost (5 damage)
             ... on level 3 of the Dungeon on July 9, 2019.
             The game lasted 00:21:40 (3255 turns).

Feetnoise the Skirmisher (Hill Orc Fighter)         Turns: 3255, Time: 00:21:40

Health: -2/40      AC:  7    Str: 19    XL:     4   Next: 65%
Magic:  4/4        EV:  7    Int:  8    God:
Gold:   132        SH:  9    Dex: 10    Spells: 3/3 levels left

rFire    . . .     SeeInvis .   a - +0 flail
rCold    . . .     Gourm    .   c - +0 shield
rNeg     . . .     Faith    .   b - +0 scale mail
rPois    .         Spirit   .   (no helmet)
rElec    .         Reflect  .   (no cloak)
rCorr    .         Harm     .   (no gloves)
MR       .....                  (no boots)
Stlth    ..........             (no amulet)
HPRegen  0.13/turn              (no ring)
MPRegen  0.09/turn              (no ring)

@: no status effects
A: no striking features
a: no special abilities


You were on level 3 of the Dungeon.
You were not hungry.

You visited 1 branch of the dungeon, and saw 3 of its levels.

You collected 132 gold pieces.

Inventory:

Hand Weapons
 a - a +0 flail (weapon)
 e - a +0 spear
Armour
 b - a +0 scale mail (worn)
 c - a +0 shield (worn)
 g - a +0 chain mail
 h - a +0 scale mail
 l - a +0 leather armour
Jewellery
 o - a cursed ring of teleportation {unknown}
Scrolls
 f - a scroll of teleportation
 k - a scroll of blinking {unknown}
Potions
 d - a potion of might
 i - 2 potions of curing {unknown}
 j - a potion of brilliance {unknown}
 n - a potion of agility {unknown}
Comestibles
 m - a ration


   Skills:
 + Level 4.2 Fighting
 + Level 3.2 Maces & Flails
 + Level 3.7 Armour
 + Level 0.8 Dodging
 + Level 0.2 Stealth
 + Level 4.2 Shields


You had 3 spell levels left.
You didn't know any spells.
Your spell library was empty.

Dungeon Overview and Level Annotations

Branches:
Dungeon (3/15)

Altars:
Cheibriados
Elyvilon
Ru
Sif Muna
Yredelemnul

Annotations:
D:3 psyvane's ghost, amateur MfTm


Message History

You block psyvane's ghost's attack. Psyvane's ghost hits you.
* * * LOW HITPOINT WARNING * * *
You hit psyvane's ghost.
Psyvane's ghost is heavily damaged.
Psyvane's ghost hits you but does no damage.
You sock psyvane's ghost!
Psyvane's ghost is severely damaged.
You block psyvane's ghost's attack.
You barely miss psyvane's ghost.
Psyvane's ghost is severely damaged.
You block psyvane's ghost's attack. x2
You closely miss psyvane's ghost.
Psyvane's ghost is severely damaged.
Psyvane's ghost hits you.
* * * LOW HITPOINT WARNING * * *
You sock psyvane's ghost!
Psyvane's ghost is almost destroyed.
Psyvane's ghost flexes its fingers.
Psyvane's ghost hits you.
You die...

..######...####.##...........#
..# #####.....#.##...........#
..# #...#..##.#.##...........#
..# #...#............#########
#.# #...#.>..........# #.#
#...#........####### #.#
#...#.....#(.#.....# #.#
#..)......#..W≈≈≈≈?# #.#
#>..#.......@#.....# ..#
#...###......####### ### #...#
#.........# ..# #...#
#.........# .)# #...#
#########.# ..###...# #.#
........# #.# ###.##### #.#
#.## #.# ########


You could see psyvane's ghost.

Vanquished Creatures
  2 adders (D:2)
  An ooze (D:3)
  2 worms
  3 dart slugs
  2 leopard geckos (D:1)
  An orc (D:3)
  2 giant cockroaches
  3 goblins
  6 hobgoblins
  10 jackals
  A quokka (D:2)
  7 bats
  2 frilled lizards
  5 kobolds
  6 rats
53 creatures vanquished.

Notes
Turn   | Place    | Note
-------+----------+-------------------------------------------
     0 | D:1      | Feetnoise the Hill Orc Fighter began the quest for the Orb.
     0 | D:1      | Reached XP level 1. HP: 19/19 MP: 1/1
   216 | D:1      | Reached XP level 2. HP: 25/27 MP: 2/2
   600 | D:1      | Reached XP level 3. HP: 28/33 MP: 3/3
  1624 | D:2      | Reached XP level 4. HP: 37/40 MP: 4/4
  1963 | D:2      | Found a deep blue altar of Sif Muna.
  1992 | D:2      | Found a sacrificial altar of Ru.
  2467 | D:3      | Found a runed translucent door.
  2972 | D:3      | Found a snail-covered altar of Cheibriados.
  3067 | D:3      | Found a white marble altar of Elyvilon.
  3122 | D:3      | Found a basalt altar of Yredelemnul.
  3235 | D:3      | Noticed psyvane's ghost (amateur MfTm)
  3255 | D:3      | Slain by psyvane's ghost

Skill      XL: |  1  2  3  4 |
---------------+-------------+-----
Fighting       | 4 |  4.2
Shields        | 4 |  4.2
Maces & Flails | 3 |  3.2
Armour         | |  3.7
Dodging        | |  0.8
Stealth        | |  0.2

Action                   |  1- 3 |  4- 6 || total
-------------------------+-------+-------++-------
Melee: Flail             |   122 |    64 ||   186
  Use: Scroll            |     2 |       ||     2
  Eat: Ration            |     1 |     1 ||     2
       Chunk             |       |     2 ||     2
Armor: Scale mail        |   126 |    15 ||   141
Dodge: Dodged            |    66 |     8 ||    74
Block: Shield            |   114 |    35 ||   149
